 Dungeon Crawl Stone Soup version 0.27-a0-385-g3208abaabc (webtiles) character file.

Game seed: 5553048106358580267

4040 sahdkjhfkaj the Gouger (level 10, -6/47 HPs)
             Began as a Felid Berserker on Feb 19, 2021.
             Was a High Priest of Trog.
             Killed from afar by a catoblepas (8 damage)
             ... with a blast of calcifying dust
             ... on level 1 of the Lair of Beasts.
             The game lasted 00:21:02 (16801 turns).

sahdkjhfkaj the Gouger (Felid Berserker)           Turns: 16801, Time: 00:21:03

Health: -6/47      AC:  2    Str: 16    XL:     10   Next: 4%
Magic:  11/11      EV: 26    Int:  8    God:    Trog [*****.]
Gold:   872        SH:  0    Dex: 17    Spells: 9/9 levels left
                                        Lives:  0   Deaths: 3

rFire    + . .     SeeInvis +     - Unarmed
rCold    . . .     Faith    .   (shield unavailable)
rNeg     + . .     Spirit   .   (armour unavailable)
rPois    .         Reflect  .   (helmet unavailable)
rElec    .         Harm     .   (cloak unavailable)
rCorr    .         Rampage  .   (gloves unavailable)
Will     +....                  (boots unavailable)
Stlth    +++++.....             (no amulet)
HPRegen  0.15/turn              n - ring of positive energy
MPRegen  0.12/turn              f - ring of protection from fire

@: about to teleport, berserk cooldown, slowed, slow
A: very small, no armour, no weapons or thrown items, stealth, claws 1, fangs 3,
see invisible, speed 1, shaggy fur 2, sharp paws
a: Renounce Religion, Berserk, Trog's Hand, Brothers in Arms


You were on level 1 of the Lair of Beasts.
You worshipped Trog.
Trog was extremely pleased with you.
You visited 2 branches of the dungeon, and saw 13 of its levels.

You collected 872 gold pieces.

Inventory:

Jewellery
 c - a ring of ice
 f - a ring of protection from fire (right paw)
 n - a ring of positive energy (left paw)
 r - a +6 ring of intelligence {unknown}
 D - a ring of flight {unknown}
 E - a ring of ice
Wands
 k - a wand of flame (16)
 w - a wand of digging (6) {@v1}
 y - a wand of mindburst (4)
 z - a wand of charming (8)
Scrolls
 d - 4 scrolls of immolation
 i - 4 scrolls of magic mapping
 j - a scroll of torment
 t - a scroll of teleportation {@r3}
 v - a scroll of summoning {unknown}
 A - 4 scrolls of identify {@r1}
Potions
 a - 5 potions of might {unknown}
 b - 3 potions of curing {@q1}
 e - 3 potions of berserk rage
 g - 2 potions of lignification {unknown}
 h - 6 potions of haste {unknown}
 l - a potion of flight {unknown}
 m - a potion of ambrosia {unknown}
 o - 4 potions of cancellation {unknown}
 p - a potion of brilliance {unknown}
 q - 2 potions of resistance {unknown}
 s - a potion of heal wounds {unknown}
 u - 2 potions of mutation {unknown}
 x - 2 potions of attraction {unknown}
Miscellaneous
 C - a tin of tremorstones (2/2)


   Skills:
 - Level 7.0 Fighting
 - Level 10.0 Dodging
 - Level 10.0 Stealth
 - Level 12.0 Unarmed Combat
 + Level 9.9 Evocations


You had 9 spell levels left.
You didn't know any spells.
Your spell library was empty.

Dungeon Overview and Level Annotations

Branches:
Dungeon (12/15)            Temple (0/1) D:7            Lair (1/6) D:11
    Orc (0/2) D:10

Altars:
Cheibriados
Dithmenos
Elyvilon
Hepliaklqana
Makhleb
Nemelex Xobeh
Okawaru
Ru
Vehumet
Xom

Shops:
D:9 (

Annotations:
D:5 2 transporters, Snicker's ghost, weakling DsDe
Lair:1 Gastronok


Innate Abilities, Weirdness & Mutations

You cannot wear armour.
You are incapable of wielding weapons or throwing items.
Your paws allow you to move quietly. (Stealth)
You have sharp claws.
You have razor-sharp teeth.
You have supernaturally acute eyesight. (SInv)
You cover ground quickly.
You are covered in thick fur. (AC +2)
Your sharp claws are effective at attacking unaware monsters.


Message History

The catoblepas gores you.
The catoblepas breathes a plume of calcifying dust at you.
The blast of calcifying dust hits you.
* * * LOW HITPOINT WARNING * * *
You are engulfed in calcifying dust.
The catoblepas smashes its foot into the ground.
The catoblepas breathes a plume of calcifying dust at you.
The blast of calcifying dust hits you.
* * * LOW HITPOINT WARNING * * *
You are engulfed in calcifying dust.
The catoblepas gores you.
* * * LOW HITPOINT WARNING * * *
You turn to flesh and can move again.
Unknown command.
Unknown command.
Aiming: Charm
Press: ? - help, Shift-Dir - straight line, f - catoblepas
Aim: a catoblepas (severely wounded, chance to affect: 11%)
Okay, then.
Okay, then.
Blink to where?
Press: ? - help, Dir - move target
As you read the scroll of blinking {@r4}, it crumbles to dust.
Aiming: Mindburst
Press: ? - help, Shift-Dir - straight line, f - catoblepas
Aim: a catoblepas (translocational energy, severely wounded, chance to affect: 30%)
Okay, then.
Aiming: Throw Flame
Press: ? - help, Shift-Dir - straight line, f - catoblepas
Aim: a catoblepas (translocational energy, severely wounded, 0% to evade)
The puff of flame hits the catoblepas!
The catoblepas is severely wounded.
The catoblepas breathes a plume of calcifying dust at you.
The blast of calcifying dust hits you.
* * * LOW HITPOINT WARNING * * *
Unknown command.
As you read the scroll of teleportation {@r3}, it crumbles to dust.
You feel strangely unstable.
The catoblepas breathes a plume of calcifying dust at you.
The blast of calcifying dust hits you!
You die...

#.....[.......§....#..###.....
#....###'###....##....# #.....
#...# ##.###.Y§.###>.⌠# #..>..
#...###...##..§.##....# #.....
#...'....###..§.#.##..####...#
#...##...###..§..#.#.....#.i.#
#...###...##.§§.##.#....##...#
##....#...###.§§.##...#........
#P...###......@§..#...##.......
##...# ###.#.....#######.†.....
##...########....######.#.#.i.#
#....##.#####...............⌠.#
##........................#+#+.
#.............................
#.............................
#.............................
#................####..#......


There were no monsters in sight!

Vanquished Creatures
  2 hydras (Lair:1)
  A two-headed ogre (D:9)
  An unseen horror (D:10)
  An ugly thing (D:11)
  A cyclops (D:11)
  A black mamba (D:11)
  Joseph (D:7)
  Maurice (D:9)
  A torpor snail (Lair:1)
  A komodo dragon (Lair:1)
  2 trolls
  Grinder (D:4)
  A hornet (D:9)
  2 wyverns
  A yak (D:11)
  2 wraiths
  Grum (D:10)
  Menkaure (D:4)
  Duvessa (D:4)
  2 water moccasins
  A black bear (D:6)
  8 orc warriors
  2 ice beasts
  6 ogres
  2 sky beasts
  4 centaurs
  3 wolves
  A phantom (D:6)
  2 kobold brigands
  3 bullfrogs
  A wyvern zombie (D:7)
  A gnoll sergeant (D:10)
  2 scorpions
  A water moccasin skeleton (D:4)
  9 killer bees (D:10)
  Dowan (D:4)
  10 electric eels
  3 wights (D:9)
  A centaur zombie (D:5)
  5 jellies
  2 centaur skeletons
  6 orc priests
  Crazy Yiuf (D:3)
  A gnoll shaman (D:5)
  4 hounds
  3 iguanas
  7 orc wizards
  4 worker ants
  3 hell rats (D:6)
  A killer bee zombie (D:5)
  A hound zombie (D:8)
  A hound skeleton (D:7)
  Robin (D:3)
  18 gnolls
  14 adders
  2 howler monkey skeletons (D:10)
  4 river rats (D:6)
  3 white imps
  2 oozes
  An adder zombie (D:5)
  2 adder skeletons
  4 worms
  2 dart slugs
  4 leopard geckos
  47 orcs
  12 bats
  3 giant cockroaches
  10 goblins
  9 hobgoblins
  10 jackals
  14 kobolds
  3 quokkas
  2 ball pythons
  5 frilled lizards
  A quokka zombie (D:7)
  23 rats
321 creatures vanquished.

Vanquished Creatures (collateral kills)
  A troll (D:11)
  3 yaks (D:11)
  An acid dragon (D:11)
  2 orc warriors
  2 wolves
  A bullfrog zombie (D:10)
  A hound (D:11)
  5 orcs
  3 kobolds (D:10)
19 creatures vanquished.

Vanquished Creatures (others)
  2 fungi (Lair:1)
  8 plants
10 creatures vanquished.

Grand Total: 350 creatures vanquished

Notes
Turn   | Place    | Note
-------+----------+-------------------------------------------
     0 | D:1      | sahdkjhfkaj the Felid Berserker began the quest for the
                  | Orb.
     0 | D:1      | Reached XP level 1. HP: 10/10 MP: 2/2
    40 | D:1      | Reached skill level 1 in Stealth
    50 | D:1      | Reached XP level 2. HP: 14/14 MP: 3/3
   509 | D:1      | Reached ** piety under Trog
   517 | D:1      | Reached XP level 3. HP: 16/17 MP: 4/4
   957 | D:2      | Reached skill level 4 in Unarmed Combat
  1481 | D:2      | Reached XP level 4. HP: 10/21 MP: 5/5
  1995 | D:2      | Reached skill level 5 in Dodging
  2095 | D:2      | Reached skill level 1 in Evocations
  2995 | D:3      | Noticed Robin
  3008 | D:3      | Killed Robin
  3271 | D:3      | Reached XP level 5. HP: 24/24 MP: 6/6
  3562 | D:3      | Reached *** piety under Trog
  3915 | D:3      | Found a runed translucent door.
  3916 | D:3      | Noticed Crazy Yiuf
  3999 | D:3      | Killed Crazy Yiuf
  4000 | D:3      | Reached skill level 5 in Unarmed Combat
  4086 | D:3      | Found a sparkling altar of Nemelex Xobeh.
  4252 | D:4      | Noticed Grinder
  4265 | D:4      | Killed Grinder
  4266 | D:4      | Gained mutation: You are covered in thick fur. (AC +2)
                  | [Felid growth]
  4266 | D:4      | Reached XP level 6. HP: 13/28 MP: 7/7
  4440 | D:4      | Reached XP level 7. HP: 32/32 MP: 8/8
  4705 | D:4      | Noticed Menkaure
  4706 | D:4      | Noticed Dowan
  4712 | D:4      | Noticed Duvessa
  5136 | D:4      | Killed Menkaure
  5137 | D:4      | Reached skill level 6 in Unarmed Combat
  5137 | D:4      | Reached skill level 5 in Stealth
  5142 | D:4      | Killed Dowan
  5245 | D:4      | Killed Duvessa
  5460 | D:5      | Entered Level 5 of the Dungeon
  5477 | D:5      | Reached skill level 7 in Unarmed Combat
  5639 | D:5      | Reached XP level 8. HP: 31/36 MP: 9/9
  6093 | D:5      | Reached **** piety under Trog
  6094 | D:5      | Reached skill level 8 in Unarmed Combat
  6500 | D:5      | Found a transporter.
  6531 | D:5      | Found a transporter.
  6551 | D:5      | Reached skill level 5 in Evocations
  6639 | D:5      | Noticed Snicker's ghost (weakling DsDe)
  6714 | D:6      | You fall into a shaft and drop 1 floor!
  6750 | D:7      | HP: 1/54 [orc warrior/+0 long sword (9)]
  6752 | D:7      | Reached skill level 5 in Fighting
  7399 | D:6      | Found a sand-covered staircase.
  7501 | D:6      | Found the +2 ratskin cloak {*Rats rPois rN+ Str-1 Int-1
                  | Dex+1}
  7530 | D:6      | Mangled by a hell rat
  7531 | D:6      | Reached XP level 7. HP: -7/31 MP: 8/8
  7576 | D:6      | Reached XP level 8. HP: 23/37 MP: 9/9
  7997 | D:6      | Reached ***** piety under Trog
  8292 | D:6      | Found a hazy altar of Hepliaklqana.
  8604 | D:7      | Noticed Joseph
  8608 | D:7      | Reached skill level 9 in Unarmed Combat
  8620 | D:7      | Killed Joseph
  8626 | D:7      | Found a staircase to the Ecumenical Temple.
  8752 | D:6      | Reached skill level 10 in Unarmed Combat
  8864 | D:7      | Reached XP level 9. HP: 33/40 MP: 10/10
  9123 | D:7      | Found a sacrificial altar of Ru.
  9213 | D:8      | Found a burning altar of Makhleb.
  9519 | D:8      | Found a snail-covered altar of Cheibriados.
  9764 | D:8      | Found a white marble altar of Elyvilon.
 10006 | D:9      | Found Satrafu's Weapon Boutique.
 10170 | D:9      | Found a shimmering altar of Xom.
 10173 | D:9      | Found a shadowy altar of Dithmenos.
 10173 | D:9      | Found a radiant altar of Vehumet.
 10293 | D:9      | Noticed a two-headed ogre
 10300 | D:9      | Killed a two-headed ogre
 10569 | D:9      | Noticed Maurice
 10577 | D:9      | Killed Maurice
 10994 | D:9      | Reached XP level 10. HP: 45/45 MP: 11/11
 11079 | D:9      | Found an iron altar of Okawaru.
 11212 | D:10     | Entered Level 10 of the Dungeon
 12182 | D:10     | Noticed Grum
 12192 | D:10     | Killed Grum
 12603 | D:10     | Noticed an unseen horror
 12615 | D:10     | Reached skill level 10 in Stealth
 13460 | D:10     | Killed an unseen horror
 13866 | D:10     | Reached skill level 11 in Unarmed Combat
 14053 | D:10     | Found a staircase to the Orcish Mines.
 14795 | D:11     | Reached XP level 11. HP: 31/50 MP: 12/12
 15356 | D:11     | Found a staircase to the Lair.
 15379 | D:11     | Noticed a red ugly thing
 15384 | D:11     | Killed a red ugly thing
 15385 | D:11     | Reached skill level 12 in Unarmed Combat
 15413 | D:11     | Killed from afar by an electric eel
 15414 | D:11     | Reached XP level 10. HP: -3/47 MP: 11/11
 15836 | Lair:1   | Entered Level 1 of the Lair of Beasts
 15852 | Lair:1   | Noticed Gastronok
 16134 | Lair:1   | Reached skill level 10 in Dodging
 16270 | Lair:1   | Noticed a black mamba
 16273 | Lair:1   | Noticed a seven-headed hydra
 16304 | D:11     | Killed a black mamba
 16345 | Lair:1   | Noticed a five-headed hydra
 16464 | Lair:1   | Noticed a seven-headed hydra
 16469 | Lair:1   | Killed a seven-headed hydra
 16630 | Lair:1   | Noticed a torpor snail
 16631 | Lair:1   | Noticed a catoblepas
 16633 | Lair:1   | Killed a torpor snail
 16654 | Lair:1   | Noticed a cane toad
 16663 | Lair:1   | Demolished by a catoblepas
 16664 | Lair:1   | Reached XP level 9. HP: -17/43 MP: 10/10
 16734 | Lair:1   | Killed a seven-headed hydra
 16735 | Lair:1   | Reached XP level 10. HP: 47/47 MP: 11/11
 16799 | Lair:1   | HP: 1/47 [something/blast of calcifying dust (6)]
 16801 | Lair:1   | Killed from afar by a catoblepas

Illustrated notes

Levels and vault maps discovered:
D:1:      minmay_arrival_five_plusses, layout_basic
D:2:      layout_loops_corners, kennysheep_donut, minmay_hexomino_p4
D:3:      layout_loops_ring, overflow_temple_1_default, nrook_mini_backslash,
          hangedman_decor_opposing, uniq_robin, uniq_crazy_yiuf_cottage
D:4:      layout_rooms, uniq_duvessa, uniq_menkaure, uniq_grinder
D:5:      layout_rooms, gammafunk_ghost_gnarly_gnolls
D:6:      wander_guarded_unrand_ratskin, layout_layer_cave,
          nzn_hepliaklqana_mist_gate, enter_ossuary_1
D:7:      layout_rooms, kennysheep_mini_moat, minmay_temple_entry_large_hall,
          uniq_joseph
D:8:      layout_loops_ring, kennysheep_mini, general_overflow_altar,
          makhleb_heckhound_becter
D:9:      layout_stronghold, grunt_temple_overflow_open, serial_shops, shop,
          uniq_maurice
D:10:     layout_basic, erik_orc_2, minmay_misc_feat_five, uniq_grum
D:11:     layout_roguey, erik_lair_island
D:12:     layout_cave_pools
Lair:1:   layout_regular_city, grunt_forest_large_clearing_hut,
          grunt_megastairs_5, uniq_gastronok

Skill      XL: |  1  2  3  4  5  6  7  8  9 10 11 |
---------------+----------------------------------+-----
Stealth        | 2 3 4 7 6 9 10 | 10.0
Unarmed Combat | 4 5 7 10 11 12 | 12.0
Dodging        | 5 7 9 10 | 10.0
Evocations     | 2 4 5 6 9 |  9.9
Fighting       | 4 5 6 7 |  7.0

Action                   |  1- 3 |  4- 6 |  7- 9 | 10-12 || total
-------------------------+-------+-------+-------+-------++-------
Melee: Unarmed           |    87 |   122 |   381 |   247 ||   837
       Bite              |     6 |    14 |    56 |    27 ||   103
       Punch             |       |     3 |     9 |    13 ||    25
Invok: Berserk           |     4 |     8 |    21 |    14 ||    47
       Trog's Hand       |       |     1 |     2 |     2 ||     5
       Brothers in Arms  |       |       |     1 |     3 ||     4
Evoke: Wand              |       |       |       |    18 ||    18
  Use: Scroll            |       |     1 |     9 |     7 ||    17
       Potion            |       |       |     3 |       ||     3
 Stab: Sleeping          |     9 |     4 |    21 |    11 ||    45
       Distracted        |       |       |       |     2 ||     2
Armor: Skin              |     5 |       |    19 |    10 ||    34
Dodge: Dodged            |    57 |   103 |   341 |   289 ||   790

Table legend: (Time is in decaauts)
 A = Elapsed time spent in this place.
 B = Non-inter-level travel time spent in this place.
 C = Inter-level travel time spent in this place.
 D = Time resting spent in this place.
 E = Time spent auto-exploring this place.
 F = Levels seen in this place.
 G = Mean time per level.
                   A        B        C        D        E       F      G
               +--------+--------+--------+--------+--------+-----+--------+
         Total |  15452 |  15065 |    387 |   1808 |  11159 |  13 | 1188.6 |
       Dungeon |  14902 |  14521 |    381 |   1777 |  10814 |  12 | 1241.8 |
          Lair |    550 |    544 |      6 |     31 |    345 |   1 |  550.0 |
               +--------+--------+--------+--------+--------+-----+--------+

Top non-repeatable levels by time:
    D:10: 2603 daAuts
     D:2: 1888 daAuts
     D:9: 1832 daAuts
     D:3: 1643 daAuts
    D:11: 1340 daAuts
     D:6: 1333 daAuts
     D:5: 1232 daAuts
     D:1: 802 daAuts
     D:7: 785 daAuts
     D:8: 721 daAuts
     D:4: 708 daAuts
  Lair:1: 550 daAuts
    D:12: 9 daAuts
